 Dungeon Sprint DCSS version 0.21-a0-50-g941c862 (webtiles) character file.

266 Kidiri the Ruffian (level 6, -1/62 (66) HPs)
             Began as a Troll Monk on June 11, 2017.
             Slain by a necrophage (3 damage)
             ... in the Dungeon (Sprint II: "The Violet Keep of Menkaure").
             The game lasted 00:00:39 (40 turns).

Kidiri the Ruffian (Troll Monk)                       Turns: 40, Time: 00:00:40

HP:   -1/62 (66)    AC:  5    Str: 20    XL:     6   Next: 0%
MP:   5/5           EV: 12    Int:  6    God:
Gold: 0             SH:  0    Dex: 14    Spells: 5/5 levels left

rFire    . . .     SeeInvis .     - Unarmed
rCold    . . .     Gourm    +   (no shield)
rNeg     . . .     Faith    .   a - +0 robe
rPois    .         Spirit   .   (helmet restricted)
rElec    .         Reflect  .   (no cloak)
rCorr    .         Harm     .   (gloves unavailable)
MR       .....     NoTele   +   (boots unavailable)
Stlth    ++........             (no amulet)
Regen    0.0/turn               (no ring)
MPRegen  0.1/turn               (no ring)

@: non-regenerating, diseased
A: unfitting armour, claws 3, fast metabolism 3, gourmand, regeneration 1,
shaggy fur 1, tough skin 2
a: no special abilities


You were in the Dungeon.
You were not hungry.

You visited 1 branch

Inventory:

Armour
 a - a +0 robe (worn)
Scrolls
 h - a scroll of blinking
Potions
 d - a potion of heal wounds
 e - a potion of haste
 f - 2 potions of magic
 g - a potion of berserk rage
Comestibles
 b - 2 bread rations


   Skills:
 * Level 5.4 Fighting
 + Level 3.1 Armour
 * Level 5.4 Dodging
 * Level 3.7 Stealth
 * Level 6.5 Unarmed Combat


You had 5 spell levels left.
You didn't know any spells.

Dungeon Overview and Level Annotations

Branches:
Dungeon (1/1)

Altars:


Innate Abilities, Weirdness & Mutations

You are too large for most types of armour.
You have claws for hands.
Your metabolism is lightning-fast.
You like to eat raw meat.
Your natural rate of healing is unusually fast.
You are covered in fur. (AC +1)
You have very tough skin. (AC +2)


Message History

You feel your flesh rotting away!
You closely miss the necrophage.
The necrophage is severely damaged.
The necrophage hits you but does no damage.
You closely miss the necrophage.
The necrophage is severely damaged.
The necrophage hits you.
* * * LOW HITPOINT WARNING * * *
You feel ill.
You feel your flesh rotting away!
You barely miss the necrophage.
The necrophage is severely damaged.
The necrophage hits you.
* * * LOW HITPOINT WARNING * * *
Unknown command.
You barely miss the necrophage.
The necrophage is severely damaged.
You scratch the necrophage.
The necrophage is severely damaged.
The necrophage hits you.
You die...

## ##
##. .##
#..#..#
#.n.# #
#@# .#
##.##H#
+.<.+#
##.##H#
#+# .#
#


You could see a necrophage.

Vanquished Creatures
  3 necrophages (D)
3 creatures vanquished.

Vanquished Creatures (others)
  Menkaure (D)
1 creature vanquished.

Grand Total: 4 creatures vanquished

Notes
Turn   | Place    | Note
-------+----------+-------------------------------------------
     0 | D        | Kidiri the Troll Monk began the quest for the Orb.
     0 | D        | Reached XP level 1. HP: 22/22 MP: 0/0
     1 | D        | Noticed a hippogriff
     1 | D        | Noticed a hippogriff
     5 | D        | Noticed a necrophage
     5 | D        | Noticed a necrophage
     5 | D        | Noticed a necrophage
     5 | D        | Noticed a necrophage
    13 | D        | Killed Menkaure
    14 | D        | Killed a necrophage
    14 | D        | Reached skill level 4 in Unarmed Combat
    14 | D        | Reached XP level 2. HP: 15/32 MP: 1/1
    14 | D        | Reached XP level 3. HP: 18/39 MP: 2/2
    14 | D        | Reached XP level 4. HP: 22/48 MP: 3/3
    26 | D        | Killed a necrophage
    26 | D        | Reached skill level 5 in Unarmed Combat
    26 | D        | Reached XP level 5. HP: 21/54 MP: 4/4
    30 | D        | Killed a necrophage
    30 | D        | Reached skill level 5 in Fighting
    30 | D        | Reached skill level 5 in Dodging
    30 | D        | Reached skill level 6 in Unarmed Combat
    30 | D        | Reached XP level 6. HP: 22/65 MP: 5/5
    38 | D        | HP: 2/62 [necrophage (2)]
    40 | D        | Slain by a necrophage

Vault maps used:
D:        the_violet_keep_of_menkaure

Skill      XL: |  1  2  3  4  5 |
---------------+----------------+-----
Fighting       | 4 5 |  5.4
Armour         | 2 3 |  3.1
Dodging        | 4 5 |  5.4
Stealth        | 2 3 |  3.7
Unarmed Combat | 4 5 6 |  6.5

Action                   |  1- 3 |  4- 6 || total
-------------------------+-------+-------++-------
Melee: Unarmed           |     8 |    24 ||    32
       Punch             |       |     2 ||     2
  Use: Potion            |       |     1 ||     1
Armor: Robe              |       |     2 ||     2
Dodge: Dodged            |     3 |     4 ||     7
